 Dungeon Crawl Stone Soup version 0.17-a0-227-gf5308cc (webtiles) character file.

5294 BluebellGnoll the Destroyer (level 10, -5/56 HPs)
             Began as an Octopode Venom Mage on Mar 30, 2015.
             Was an Elder of Sif Muna.
             Slain by an ice beast (10 damage)
             ... on level 9 of the Dungeon.
             The game lasted 01:07:43 (11406 turns).

BluebellGnoll the Destroyer (Octopode Venom Mage)  Turns: 11406, Time: 01:07:43

Health: -5/56      AC:  3    Str:  7    XL:     10   Next: 63%
Magic:  17/22      EV: 15    Int: 21    God:    Sif Muna [****..]
Gold:   252        SH:  0    Dex: 13    Spells: 7 memorised, 3 levels left

rFire  . . .     SeeInvis .     m - +5 quarterstaff (chaos)
rCold  . . .     Clarity  .     (no shield)
rNeg   . . .     SustAb   .     (helmet restricted)
rPois  +         Gourm    .     (no amulet)
rElec  .         Spirit   .     u - +2 ring of protection
rCorr  .         Warding  .     g - ring of poison resistance
rMut   .         Stasis   .     (no ring)
MR     .....                    (no ring)
Stlth  ++++......               (no ring)
                                (no ring)
                                (no ring)
                                (no ring)

@: not resistant to hostile enchantments, stealthy
A: almost no armour, amphibious, 8 rings, constrict 8, camouflage 1, gelatinous
body 1
a: Channel Energy, Forget Spell, Renounce Religion


You were on level 9 of the Dungeon.
You worshipped Sif Muna.
Sif Muna was greatly pleased with you.
You were hungry.

You visited 2 branches of the dungeon, and saw 10 of its levels.
You also visited: Sewer and Ossuary.

You collected 582 gold pieces.
You spent 330 gold pieces at shops.

Inventory:

Hand weapons
 m - a +5 quarterstaff of chaos (weapon)
 M - a +2 short sword of venom
 S - a +0 blowgun
Missiles
 h - 2 throwing nets
 i - 162 stones (quivered)
 q - 3 curare-tipped needles
 G - 8 tomahawks
 R - 7 poisoned needles
Jewellery
 g - a ring of poison resistance (right tentacle)
 k - an uncursed ring of fire
 s - an uncursed ring of teleportation
 u - a +2 ring of protection (left tentacle)
 H - an uncursed ring of ice
 P - an uncursed amulet of resist corrosion
Magical devices
 t - a wand of paralysis (12)
 w - a wand of draining (0)
 y - a wand of digging (6)
 J - a wand of digging (5)
 O - a wand of enslavement (14)
Scrolls
 b - a scroll of magic mapping
 e - 3 scrolls of remove curse
 f - 3 scrolls of fog
 j - 5 scrolls of recharging
 x - 4 scrolls of identify
 A - a scroll of immolation
 F - 5 scrolls of teleportation
 I - 2 scrolls of blinking
Potions
 a - 11 potions of curing
 d - 2 potions of might
 n - a potion of restore abilities {unknown}
 o - 2 potions of magic {unknown}
 p - 6 potions of brilliance
 r - 2 potions of invisibility {unknown}
 v - a potion of experience {unknown}
 z - 3 potions of haste {unknown}
 B - 2 potions of heal wounds
 C - a potion of berserk rage {unknown}
 L - a potion of resistance {unknown}
 N - a potion of agility {unknown}
 T - 2 potions of ambrosia {unknown}
 U - 2 potions of cure mutation
Books
 K - a book of Necromancy

   Spells                             Type                      Level
   a - Pain                           Necromancy                   1
   b - Animate Skeleton               Necromancy                   1
   c - Vampiric Draining              Necromancy                   3
   d - Regeneration                   Charms/Necromancy            3
   e - Animate Dead                   Necromancy                   4
   f - Control Undead                 Necromancy                   4
 Q - a book of Party Tricks

   Spells                             Type                      Level
   a - Summon Butterflies             Summoning                    1
   b - Apportation                    Translocation                1
   c - Tukima's Dance                 Hexes                        3
   d - Alistair's Intoxication        Transmutation/Poison         4
   e - Invisibility                   Hexes                        6
Comestibles
 c - 10 bread rations
 l - 2 meat rations
 D - a royal jelly
 E - a chunk of flesh


   Skills:
 - Level 4.4 Staves
 * Level 6.9 Dodging
 - Level 4.2 Stealth
 - Level 5.1 Spellcasting
 * Level 10.6 Conjurations
 - Level 2.1 Air Magic
 - Level 7.0 Poison Magic


You had 3 spell levels left.
You knew the following spells:

 Your Spells              Type           Power        Failure   Level  Hunger
a - Sting                 Conj/Pois      ####         1%          1    None
b - Cure Poison           Pois           #####.....   1%          2    None
d - Regeneration          Chrm/Necr      #.........   34%         3    ##.....
f - Venom Bolt            Conj/Pois      #####.....   10%         5    #####..
g - Mephitic Cloud        Conj/Pois/Air  ####....     2%          3    ##.....
s - Summon Butterflies    Summ           #.......     12%         1    None
z - Apportation           Tloc           #.........   12%         1    None


Dungeon Overview and Level Annotations

Branches:
Dungeon (9/15)             Temple (1/1) D:4
   Lair: D:8-11         Orc: D:9-12

Altars:
Dithmenos
Nemelex Xobeh
Qazlal
Ru
Sif Muna
Trog
Xom
Yredelemnul
The Shining One

Shops:
D:6 *


Innate Abilities, Weirdness & Mutations

You cannot wear most types of armour.
You are amphibious.
You can wear up to eight rings at the same time.
You can use your tentacles to constrict many enemies at once.
Your skin changes colour to match your surroundings (Stealth).
Your rubbery body absorbs attacks (AC +1).


Message History

The ice beast is heavily wounded.
The ice beast barely misses you.
You closely miss the ice beast.
The ice beast is heavily wounded.
The ice beast hits you but does no damage.
The ice beast closely misses you.
You closely miss the ice beast.
The ice beast is moderately wounded.
The ice beast hits you. The ice beast freezes you.
* * * LOW HITPOINT WARNING * * *
You closely miss the ice beast.
The ice beast is moderately wounded.
The ice beast hits you.
* * * LOW HITPOINT WARNING * * *
The ice beast freezes you.
* * * LOW HITPOINT WARNING * * *
The ice beast hits you.
* * * LOW HITPOINT WARNING * * *
The ice beast freezes you!
You die...

#....... ......... ##....._. +
#..F.... ##....... .##.#.....
##.......# #.##.....<.
##........# #.##.....#.
##.........# #.##..#.. .
............# ..##..#.. .
............##########.##..>..
.
.....#.....รท..Y@............#.
. . #......#########........> .
######## #...........
#........... ##'####'###
#.......# #..###### #..#
#..########


You could see an ice beast.

Vanquished Creatures
  A komodo dragon (D:8)
  A hog (D:7)
  A deep elf mage (D:9)
  A wyvern (D:8)
  Eustachio (D:4)
  A hungry ghost (D:7)
  A human (D:7)
  2 hippogriffs (D:8)
  3 orc warriors
  2 wolves (D:9)
  An ice beast (D:8)
  A phantom (D:6)
  A centaur (D:7)
  2 ogres
  Sigmund (D:4)
  Duvessa (D:6)
  A big kobold (D:8)
  5 giant frogs
  4 scorpions
  5 killer bees (D:8)
  A goliath beetle (D:6)
  4 jellies
  7 crimson imps
  A giant frog zombie (D:8)
  Dowan (D:6)
  A centaur zombie (D:8)
  2 giant frog skeletons
  Crazy Yiuf (D:3)
  A gnoll shaman (D:6)
  4 hounds
  3 orc priests
  An iguana (D:8)
  2 orc wizards
  3 sheep (D:7)
  2 worker ants
  Ijyb (D:3)
  Jessica (D:2)
  5 mummies
  A worker ant zombie (D:5)
  14 gnolls
  12 adders
  8 giant mites
  A shadow imp (D:6)
  An adder skeleton (D:4)
  11 giant geckos
  11 oozes (Sewer)
  34 orcs
  9 ball pythons
  A bat skeleton (D:8)
  A bat zombie (D:6)
  16 giant cockroaches
  3 gnoll zombies (Ossuary)
  16 goblins
  23 hobgoblins
  23 kobolds
  5 quokkas
  20 bats
  A giant gecko skeleton (D:8)
  13 giant newts
  A goblin zombie (D:5)
  A hobgoblin zombie (Ossuary)
  7 jackals
  3 kobold zombies
  2 orc zombies (Ossuary)
  19 rats
  A fungus (D:3)
335 creatures vanquished.

Vanquished Creatures (collateral kills)
  An orc warrior (D:7)
  An orc priest (D:7)
  2 orcs (D:7)
  A goblin (D:7)
5 creatures vanquished.

Vanquished Creatures (others)
  A wolf spider zombie (D:9)
  A killer bee (D:8)
  2 plants (D:8)
4 creatures vanquished.

Grand Total: 344 creatures vanquished

Notes
Turn   | Place    | Note
--------------------------------------------------------------
     0 | D:1      | BluebellGnoll, the Octopode Venom Mage, began the quest for the Orb.
     0 | D:1      | Reached XP level 1. HP: 11/11 MP: 3/3
   174 | D:1      | Reached XP level 2. HP: 7/17 MP: 0/5
   178 | D:1      | Learned a level 2 spell: Cure Poison
   892 | D:1      | Reached XP level 3. HP: 21/21 MP: 6/8
   897 | D:1      | Learned a level 3 spell: Mephitic Cloud
  1281 | D:2      | Reached skill level 1 in Conjurations
  1675 | D:2      | Reached XP level 4. HP: 27/27 MP: 6/9
  1741 | D:2      | Reached skill level 1 in Air Magic
  1851 | D:2      | Noticed Jessica
  1868 | D:2      | Killed Jessica
  2091 | D:2      | Reached XP level 5. HP: 31/31 MP: 6/11
  2319 | D:3      | Found a deep blue altar of Sif Muna.
  2325 | D:3      | Became a worshipper of Sif Muna the Loreminder
  2406 | D:3      | Noticed Ijyb
  2448 | D:3      | Killed Ijyb
  2686 | D:3      | Noticed Crazy Yiuf
  2704 | D:3      | Killed Crazy Yiuf
  2988 | D:3      | Found a shadowy altar of Dithmenos.
  3230 | D:3      | Found a basalt altar of Yredelemnul.
  3327 | D:3      | Found a sparkling altar of Nemelex Xobeh.
  3327 | D:3      | Found a glowing golden altar of the Shining One.
  3532 | D:4      | Noticed Sigmund
  3532 | D:4      | Reached XP level 6. HP: 36/36 MP: 11/13
  3541 | D:4      | Noticed Eustachio
  3541 | D:4      | Killed Sigmund
  3565 | D:4      | Killed Eustachio
  3666 | D:4      | Reached XP level 7. HP: 41/41 MP: 12/17
  3939 | D:4      | Found a staircase to the Ecumenical Temple.
  3945 | Temple   | Entered the Ecumenical Temple
  4279 | D:4      | Reached skill level 5 in Conjurations
  4361 | D:4      | Acquired Sif Muna's first power
  4391 | D:4      | Reached skill level 5 in Poison Magic
  4641 | D:5      | Entered Level 5 of the Dungeon
  4736 | D:5      | Found a sand-covered staircase.
  4785 | Ossuary  | Entered an ossuary
  4893 | Ossuary  | Reached skill level 1 in Staves
  5126 | D:5      | Found a sacrificial altar of Ru.
  5619 | D:6      | Reached skill level 6 in Conjurations
  5619 | D:6      | Reached XP level 8. HP: 42/46 MP: 15/18
  5803 | D:6      | Noticed Dowan
  5805 | D:6      | Noticed Duvessa
  5808 | D:6      | Killed Dowan
  5835 | D:6      | Killed Duvessa
  6059 | D:6      | Acquired Sif Muna's second power
  6187 | D:6      | Found Noakk's Needful Niceties.
  6291 | D:6      | Found a glowing drain.
  6300 | Sewer    | Entered a sewer
  7179 | D:6      | Reached skill level 7 in Conjurations
  7281 | D:6      | Bought a book of Necromancy for 330 gold pieces
  7285 | D:6      | Learned a level 3 spell: Regeneration
  7392 | D:6      | Reached XP level 9. HP: 48/51 MP: 14/20
  7901 | D:7      | Reached skill level 5 in Spellcasting
  8058 | D:7      | Learned a level 1 spell: Apportation
  8064 | D:7      | Learned a level 5 spell: Venom Bolt
  8066 | D:7      | Learned a level 1 spell: Summon Butterflies
  8220 | D:7      | Reached skill level 8 in Conjurations
  8431 | D:7      | Found a shimmering altar of Xom.
  8824 | D:7      | Found a bloodstained altar of Trog.
  9557 | D:8      | Reached skill level 9 in Conjurations
  9601 | D:8      | Reached skill level 5 in Dodging
  9683 | D:8      | Reached XP level 10. HP: 40/56 MP: 22/22
 10047 | D:8      | Noticed a komodo dragon
 10049 | D:8      | Acquired Sif Muna's third power
 10065 | D:8      | Killed a komodo dragon
 10183 | D:8      | Found a staircase to the Lair.
 10499 | D:8      | Reached skill level 10 in Conjurations
 11264 | D:9      | Found a stormy altar of Qazlal.
 11272 | D:9      | HP: 2/56 [acid (11)]
 11406 | D:9      | Slain by an ice beast

Action                   |  1- 3 |  4- 6 |  7- 9 | 10-12 || total
-------------------------+-------+-------+-------+-------++-------
Melee: Unarmed           |     9 |       |       |       ||     9
       Dagger            |    10 |    24 |       |       ||    34
       Quarterstaff      |       |    19 |   299 |    98 ||   416
 Cast: Sting             |    48 |    94 |   184 |    49 ||   375
       Mephitic Cloud    |       |     6 |    22 |    13 ||    41
       Cure Poison       |       |     1 |     2 |     1 ||     4
       Venom Bolt        |       |       |     1 |     1 ||     2
  Use: Scroll            |       |       |    20 |     2 ||    22
       Potion            |       |       |     1 |     1 ||     2
 Stab: Sleeping          |     4 |     3 |    24 |     4 ||    35
       Paralysed         |       |       |     1 |     1 ||     2
       Confused          |       |       |     4 |     6 ||    10
  Eat: Chunk             |     2 |     7 |    22 |     6 ||    37
